 Dungeon Crawl Stone Soup version 0.28.0-53-g5a82cb258f (webtiles) character file.

Game seed: 5443110317366342752

806 safid the Cleaver (level 7, 0/59 HPs)
             Began as a Hill Orc Fighter on Aug 16, 2022.
             Slain by Prince Ribbit (8 damage)
             ... on level 5 of the Dungeon.
             The game lasted 00:04:15 (4370 turns).

safid the Cleaver (Hill Orc Fighter)                Turns: 4370, Time: 00:04:15

Health: 0/59       AC:  8    Str: 26    XL:     7   Next: 91%
Magic:  7/7        EV: 10    Int:  8    God:
Gold:   173        SH:  4    Dex: 10    Spells: 6/6 levels left

rFire   . . .      SeeInvis .   a - +0 war axe
rCold   . . .      Faith    .   c - +0 buckler
rNeg    . . .      Spirit   .   n - +1 ring mail "Pugakuto" {rPois Str+5}
rPois   +          Reflect  .   (no helmet)
rElec   .          Harm     .   o - +0 cloak
rCorr   .          Rampage  .   (no gloves)
Will    .....                   (no boots)
Stlth   ..........              (no amulet)
HPRegen 0.19/turn               (no ring)
MPRegen 0.10/turn               (no ring)

@: no status effects
A: no striking features
a: no special abilities


You were on level 5 of the Dungeon.
You visited 1 branch of the dungeon, and saw 5 of its levels.

You collected 173 gold pieces.

Inventory:

Hand Weapons
 a - a +0 war axe (weapon)
Armour
 c - a +0 buckler (worn)
 n - the +1 ring mail "Pugakuto" (worn) {rPois Str+5}
   (You found it on level 2 of the Dungeon)

   Str:       It affects your strength (+5).
   rPois:     It protects you from poison.
 o - a +0 cloak (worn)
Jewellery
 g - a ring of fire
 j - an amulet of faith
 v - an amulet of reflection
Scrolls
 b - a scroll of blinking {unknown}
 h - a scroll of fear {unknown}
 i - a scroll of silence {unknown}
 k - 3 scrolls of identify {unknown}
 l - a scroll of amnesia {unknown}
 m - 2 scrolls of teleportation {unknown}
 p - a scroll of fog {unknown}
 q - a scroll of noise {unknown}
 r - 3 scrolls of vulnerability {unknown}
 u - a scroll of magic mapping {unknown}
Potions
 d - a potion of might
 e - 6 potions of curing {unknown}
 f - a potion of invisibility {unknown}
 s - a potion of flight {unknown}
 t - a potion of ambrosia {unknown}


   Skills:
 - Level 4.0 Fighting
 + Level 10.7 Axes
 - Level 4.0 Armour
 - Level 4.0 Shields


You had 6 spell levels left.
You didn't know any spells.
Your spell library contained the following spells:

 Spells                   Type           Power      Damage    Failure   Level
 Beastly Appendage        Tmut           0%         N/A       63%         1
 Blink                    Tloc           0%         N/A       77%         2
 Wereblood                Tmut           0%         N/A       77%         2
 Spider Form              Tmut/Pois      0%         N/A       94%         3
 Alistair's Intoxication  Tmut/Pois      0%         N/A       100%        5
 Borgnjor's Vile Clutch   Necr/Erth      0%         N/A       100%        5
 Manifold Assault         Tloc           0%         N/A       100%        5
 Eringya's Noxious Bog    Tmut/Pois      0%         N/A       100%        6
 Storm Form               Tmut/Air       0%         N/A       100%        7


Dungeon Overview and Level Annotations

Branches:
Dungeon (5/15)
 Temple: D:4-7

Altars:
Ashenzari
Yredelemnul

Annotations:
D:5 Prince Ribbit


Message History

You slash Prince Ribbit!
Prince Ribbit is moderately wounded.
Prince Ribbit hits you!
* * * LOW HITPOINT WARNING * * *
Unknown command.
You slash Prince Ribbit!
Prince Ribbit is heavily wounded.
Prince Ribbit blinks!
Unknown command.
Throw: dart (curare)
Press: ? - help, Q - select action Shift-Dir - straight line, f - Prince Ribbit
Aim: Prince Ribbit (heavily wounded, 34% to hit)
You throw a curare-tipped dart.
The curare-tipped dart barely misses Prince Ribbit.
Unknown command.
You hit Prince Ribbit.
Prince Ribbit is severely wounded.
Prince Ribbit hits you!
* * * LOW HITPOINT WARNING * * *
Unknown command.
You slash Prince Ribbit!
Prince Ribbit is almost dead.
Prince Ribbit blinks!
You barely miss Prince Ribbit.
Prince Ribbit is almost dead.
Prince Ribbit barely misses you.
Unknown command.
You barely miss Prince Ribbit.
Prince Ribbit is almost dead.
Prince Ribbit blinks!
Unknown command.
You miss Prince Ribbit.
Prince Ribbit is almost dead.
Prince Ribbit lets out a mournful croak.
You block Prince Ribbit's attack.
Prince Ribbit blinks!
Prince Ribbit hits you but does no damage.
You closely miss Prince Ribbit.
Prince Ribbit is almost dead.
Prince Ribbit hits you!
You die...

#######+#..#.#....#..# #.#
#..... #......#.######..# #.#
#..... #
#...)..#.........###.###.....
..
+......#########..##.#...###.
## #....... ...........#...#
#.
.......###########..#.#...#
#. ########
#......###.###...# #.
+(.....'.....+(..# #.
#..F@..####.##...###. #
#......# #..#....... #
..........# ##.#.#.###. #
..........# #...#.# #. #
......##### ##..#.# #. ....?.
#..#.# #. #############
.....# #. #...........#
......# #. #...........#
#......# #.


You could see Prince Ribbit.

Vanquished Creatures
  A necrophage (D:4)
  An ogre (D:5)
  A kobold brigand (D:5)
  3 scorpions
  A bullfrog zombie (D:5)
  A hound (D:4)
  2 bullfrog skeletons
  A centaur skeleton (D:4)
  An iguana (D:4)
  2 scorpion zombies (D:5)
  Natasha (twice) (D:4)
  A hound zombie (D:5)
  5 adders
  4 orcs
  8 ball pythons
  4 bats
  4 endoplasms
  5 giant cockroaches
  6 goblins
  7 hobgoblins
  2 quokkas
  4 frilled lizards (D:1)
  5 kobolds
  A rat (D:1)
72 creatures vanquished.

Notes
Turn   | Place    | Note
-------+----------+-------------------------------------------
     0 | D:1      | safid the Hill Orc Fighter began the quest for the Orb.
     0 | D:1      | Reached XP level 1. HP: 19/19 MP: 1/1
   243 | D:1      | Reached skill level 3 in Axes
   243 | D:1      | Reached XP level 2. HP: 27/27 MP: 2/2
   784 | D:2      | Identified the +1 ring mail "Pugakuto" {rPois Str+5}
   857 | D:2      | Reached XP level 3. HP: 32/33 MP: 3/3
  1240 | D:2      | Identified the +1 mace of the Muttering King {venom, rC+}
  1576 | D:2      | Found a broken altar of Ashenzari.
  1712 | D:2      | Found a faded altar of an unknown god.
  2153 | D:3      | Reached XP level 4. HP: 34/40 MP: 4/4
  2254 | D:3      | Reached skill level 4 in Axes
  2456 | D:3      | You fall into a shaft and drop 2 floors!
  2456 | D:5      | Entered Level 5 of the Dungeon
  2538 | D:5      | Noticed a kobold brigand
  2558 | D:4      | Noticed a scorpion
  2570 | D:4      | Killed a scorpion
  2571 | D:4      | Reached skill level 5 in Axes
  2571 | D:4      | Reached XP level 5. HP: 35/46 MP: 5/5
  2572 | D:4      | Reached skill level 6 in Axes
  2965 | D:4      | Noticed a necrophage
  2974 | D:4      | Killed a necrophage
  2975 | D:4      | Reached skill level 7 in Axes
  2975 | D:4      | Reached XP level 6. HP: 44/52 MP: 6/6
  3024 | D:4      | Noticed Natasha
  3026 | D:4      | Found a basalt altar of Yredelemnul.
  3030 | D:4      | Killed Natasha
  3336 | D:4      | Reached skill level 8 in Axes
  3662 | D:4      | Noticed Natasha
  3666 | D:4      | Killed Natasha
  3729 | D:5      | Reached skill level 9 in Axes
  3729 | D:5      | Reached XP level 7. HP: 46/59 MP: 7/7
  3943 | D:5      | Reached skill level 10 in Axes
  4355 | D:5      | Noticed Prince Ribbit
  4370 | D:5      | Slain by Prince Ribbit

Illustrated notes

Levels and vault maps discovered:
D:1:      mrwooster_arrival_statue_3, layout_loops_cross
D:2:      layout_loops_corners, basic_altar,
          shapermc_ecumenical_altar_mp_ritualfount, minmay_misc_feat_cross
D:3:      layout_loops_cross, guppyfry_early_orc_mine
D:4:      minmay_door_path, layout_gridville, overflow_temple_1_default,
          kennysheep_generic_room_13, uniq_natasha
D:5:      layout_basic, hangedman_decor_slide_cut, uniq_prince_ribbit1

Skill      XL: |  1  2  3  4  5  6  7 |
---------------+----------------------+-----
Axes           | 3 5 7 9 10 | 10.7
Fighting       | 4 |  4.0
Armour         | 4 |  4.0
Shields        | 4 |  4.0

Action                   |  1- 3 |  4- 6 |  7- 9 || total
-------------------------+-------+-------+-------++-------
Melee: War axe           |    82 |    83 |    56 ||   221
Throw: Dart              |       |       |     1 ||     1
Armor: Scale mail        |    24 |       |       ||    24
       Ring mail         |    19 |    38 |    15 ||    72
Dodge: Dodged            |    40 |    36 |    16 ||    92
Block: Buckler           |    15 |    25 |    14 ||    54
